cohdb
Replays
Latest Replays
All Replays
Popular Replays
Top Player Replays
Match Explorer
How It Works
Community
CoH3 Stats
Reddit
Sign in to upload your games and track your stats! →
Sign in with Steam
Match 40624286
Unlisted
Match 40624286
Overview
Messages
Build Orders
End
Construct Infanterie Kompanie
Selects Mechanized Battlegroup
Grenadier Squad
Grenadier Squad
MG 42 Machine Gun Team
Grenadier Squad
Construct Panzergrenadier Kompanie
251 Medium Carrier
Selects Spotting Scopes
Selects Raid Package
Support Elements
GrW 34 Mortar Team
Nebelwerfer 42 Rocket Launcher Team
Construct Panzer Kompanie
Panzer IV Medium Tank
Nebelwerfer 42 Rocket Launcher Team
Nebelwerfer 42 Rocket Launcher Team
Selects StuG Assault Group
Selects UNKNOWN (2160084)
Panther Heavy Tank
Pioneer Squad
Side Skirts
Selects Wespe Self-propelled Artillery
Selects Zeroing Artillery Barrage
Wespe Self-propelled Artillery
Perry the Blyatipus
Faraam
Valdai
Людвиг
0
0
Comments
sign in to comment!
No comments posted yet!